Zazza, neutral female human Tourist ------------ # ############ -............ --.-+- # | ---------- |.....## #-........| |....| ## #|........| |....-##### # #|#.......| ----- |....| # ### # #---------- |...| ----.- ### # # #### |...-# ## # ### # # |...|# # ### # # # -----# #### # ### # # # ----|---- ### # # # ### |.[...... ################ --------------# # |..<....| ### # |............|# ##-........############## --------# |..........f@.# --------- ##-.......## |...........&| |......|## |............| |.......###########.............| -------- -------.------ # Zazza the Sightseer Experience level: 3 Strength: 10 Dexterity: 12 Constitution: 16 Intelligence: 13 Wisdom: 10 Charisma: 18 Health: 0(35) Energy: 15(15) Def: 10 Gold: 226 Moves: 6819 Dungeon seed: hKLnEgu1WUNgAYEy Game ID: Zazza_1598649906 Your Inventory: Coins $ - 226 gold pieces Amulets Q - an uncursed amulet of ESP (being worn) Weapons a - 26 +2 darts (in quiver) i - a +0 dagger I - a cursed +0 elven dagger (weapon in hand) Armor e - a blessed +1 orcish helm q - an uncursed +0 mummy wrapping r - a cursed +0 elven cloak (being worn) y - an uncursed +0 orcish helm (being worn) N - an uncursed +0 pair of elven boots (being worn) W - an uncursed +0 elven mithril-coat (being worn) Y - an uncursed +0 shield of reflection (being worn) Comestibles f - an uncursed food ration V - 3 cursed tripe rations Scrolls k - an uncursed scroll of teleportation p - a blessed scroll of identify Potions l - an uncursed potion of sickness o - an uncursed potion of speed Rings K - an uncursed ring of searching (on left hand) Wands c - a wand of digging (0:3) Tools m - an expensive camera (0:81) n - an uncursed credit card x - a cursed towel Spells and supernatural/magical abilities: Name Level Category Fail Memory i - invisibility 4 escape 100% 71% S - stone to flesh 3 healing 100% 91% W - pray for help -- divine ? -- Your skills at the end: Fighting Skills Weapon Skills dart [Basic] Spellcasting Skills Final Attributes: You were nominally aligned. You were telepathic. You had automatic searching. You were stealthy. You had reflection. You are dead. Vanquished creatures: a ghost a large cat a leprechaun a gnome king a housecat 2 shriekers 2 gnome lords 2 kobold mummies a gray ooze an elf zombie 2 giant ants a floating eye a dwarf a homunculus a kobold lord a rothe a centipede 2 giant bats an iguana 4 coyotes 3 gas spores 3 hobbits 6 hobgoblins 5 giant rats a brown mold a yellow mold 2 gnomes 2 gnome zombies 10 geckos 10 jackals 2 foxes 3 kobolds 10 goblins 12 grid bugs 2 bats 8 lichens a kobold zombie 11 newts 120 creatures vanquished. Voluntary challenges: You had been an atheist until turn 2252. You used a wielded weapon 21 times, starting on turn 615. You read items or engraved 27 times, starting on turn 815. You never genocided any monsters. You never polymorphed an object. You never changed form. You used no wishes. You never split a pudding. You wrote Elbereth's name 5 times, starting on turn 2541. You never violated your personal moral code. Dungeon overview: The Dungeons of Doom: levels 1 to 10 Level 1 a long staircase Level 2 an armor shop, a fountain a long staircase Level 3 Level 4 a general store, a fountain Level 5 a fountain, a throne Level 6 Level 7 many fountains Level 8 an altar to Blind Io, a fountain a long staircase Level 9 <- You were here a sink Level 10 History has recorded: On T:1 you entered the Dungeons of Doom to retrieve the Amulet of Yendor! On T:759 you reached level 2 of The Dungeons of Doom. On T:1312 you reached level 3 of The Dungeons of Doom. On T:1995 you reached level 4 of The Dungeons of Doom. On T:2533 you reached level 5 of The Dungeons of Doom. On T:4298 you reached level 6 of The Dungeons of Doom. On T:4827 you reached level 7 of The Dungeons of Doom. On T:5100 you advanced to experience level 2. On T:5786 you reached level 8 of The Dungeons of Doom. On T:6299 you reached level 9 of The Dungeons of Doom. On T:6739 you advanced to experience level 3. On T:6765 you reached level 10 of The Dungeons of Doom. Score breakdown: Gold: 0 ( 0 points) Experience: 3 levels ( 7878 points) Exploration: 10 levels ( 20.41%) (12990 points) Discoveries: 11 items ( 3.69%) ( 5763 points) Valuables value: (no points given unless you survive) Artifact value: 0 ( 0 points) Variety of kills: 38 monsters ( 9.97%) ( 9474 points) Turncount: 6819 turns (-1812 points) Survival: died (score multiplied by 80%) Total score: 27434 Latest messages: You hear some noises. You hear some noises in the distance. There is a doorway here. You see here a crossbow bolt. The giant spider bites! You hear some noises. You hear some noises in the distance. You hear some noises. You hear some noises in the distance. You have a sad feeling for a moment, then it passes. You hear some noises in the distance. The marilith picks up a crossbow bolt. You stop. Armand is in the way! The marilith thrusts her orcish dagger. The marilith hits! The marilith thrusts her orcish dagger. The marilith hits! The marilith misses. The marilith hits! The marilith misses. The marilith hits! Armand misses the marilith. The marilith thrusts her orcish dagger. The marilith hits! You die... Final status: Aloha Zazza the Tourist, killed by a marilith... You died in The Dungeons of Doom on dungeon level 9 with 27434 points, and 226 pieces of gold, after 6819 moves. You were level 3 with a maximum of 35 hit points when you died.